 Dungeon Crawl Stone Soup version 0.27-a0-869-g165b36e3f0 (webtiles) character file.

Game seed: 5798398244349118880

5884 wakim the Protected (level 10, -2/88 HPs)
             Began as a Minotaur Fighter on Apr 3, 2021.
             Was a High Priest of Okawaru.
             Succumbed to a hornet's poison
             ... on level 8 of the Dungeon.
             The game lasted 00:17:02 (8449 turns).

wakim the Protected (Minotaur Fighter)              Turns: 8449, Time: 00:17:05

Health: -2/88      AC: 15    Str: 24    XL:     10   Next: 52%
Magic:  12/12      EV:  7    Int:  6    God:    Okawaru [*****.]
Gold:   1479       SH: 11    Dex:  9    Spells: 9/9 levels left

rFire    . . .     SeeInvis .   b - +8 mithril axe "Arga" {speed, Will+}
rCold    . . .     Faith    .   c - +0 kite shield
rNeg     . . .     Spirit   .   e - +0 chain mail
rPois    .         Reflect  .   (helmet restricted)
rElec    .         Harm     .   (no cloak)
rCorr    .         Rampage  .   (no gloves)
Will     ++...                  (no boots)
Stlth    ..........             g - amulet of regeneration {@e2}
HPRegen  1.24/turn              n - ring of willpower
MPRegen  0.13/turn              m - +4 ring of protection

@: lethally poisoned (-2 -> -11), slowed, very slow
A: horns 2, retaliatory headbutt
a: Renounce Religion, Heroism, Finesse


You were on level 8 of the Dungeon.
You worshipped Okawaru.
Okawaru was extremely pleased with you.
You visited 2 branches of the dungeon, and saw 10 of its levels.

You collected 1479 gold pieces.


Innate Abilities, Weirdness & Mutations

You have a pair of horns on your head.
You reflexively headbutt those who attack you in melee.


   Skills:
 + Level 8.3 Fighting
 * Level 10.5 Axes
 * Level 10.8 Armour
 + Level 1.8 Dodging
 + Level 8.1 Shields
 + Level 4.9 Invocations


You had 9 spell levels left.
You didn't know any spells.
Your spell library contained the following spells:

 Spells                   Type           Power      Damage    Failure   Level
 Animate Skeleton         Necr           0%         N/A       99%         1
 Apportation              Tloc           0%         N/A       99%         1
 Corona                   Hex            0%         N/A       99%         1
 Pain                     Necr           0%         1d4       99%         1
 Summon Small Mammal      Summ           0%         N/A       99%         1
 Vampiric Draining        Necr           0%         2d6       100%        3
 Animate Dead             Necr           0%         N/A       100%        4
 Agony                    Necr           0%         N/A       100%        5

Inventory:

Hand Weapons
 a - the +11 war axe of Lutioviw {flame, +Inv Int-5 Dex+2, axe}
   (You found it on level 6 of the Dungeon)

   It has been specially enchanted to burn those struck by it, causing extra
   injury to most foes and up to half again as much damage against particularly
   susceptible opponents.
   Big, fiery blades are also staple armaments of hydra-hunters.
   It affects your intelligence (-5).
   It affects your dexterity (+2).
   It lets you turn invisible.
 b - the +8 mithril axe "Arga" (weapon) {speed, Will+}
   (You acquired it on level 8 of the Dungeon)

   Attacks with this weapon are significantly faster.
   It increases your willpower.
Missiles
 d - 3 javelins (quivered) {throwing}
 f - 73 bolts
 j - 4 boomerangs {throwing}
 k - 39 poisoned darts {throwing}
Armour
 c - a +0 kite shield (worn)
 e - a +0 chain mail (worn)
   (You found it on level 4 of the Dungeon)
Jewellery
 g - an amulet of regeneration (around neck) {@e2}
   (You found it on level 5 of the Dungeon)
 h - a ring of positive energy
   (You found it on level 2 of the Dungeon)
 m - a +4 ring of protection (right hand)
   (You found it on level 5 of the Dungeon)
 n - a ring of willpower (left hand)
   (You found it on level 6 of the Dungeon)
 o - a ring of willpower
   (You found it on level 7 of the Dungeon)
Wands
 u - a wand of mindburst (16)
   (You found it on level 6 of the Dungeon)
 x - a wand of iceblast (9)
   (You found it on level 4 of the Dungeon)
Scrolls
 R - a scroll of magic mapping {!r}
Potions
 i - a potion of haste {unknown}
 l - a potion of cancellation {unknown}
 B - a potion of attraction {!q}
 G - 3 potions of flight
 L - 3 potions of lignification {!q}
 N - a potion of might

Dungeon Overview and Level Annotations

Branches:
Dungeon (9/15)             Temple (1/1) D:4
   Lair: D:8-11         Orc: D:9-12

Altars:
Ashenzari
Cheibriados
Dithmenos
Elyvilon
Fedhas
Gozag
Hepliaklqana
Kikubaaqudgha
Makhleb
Nemelex Xobeh
Okawaru
Qazlal
Ru
Sif Muna
Trog
Vehumet
Wu Jian
Xom
Yredelemnul
Zin
The Shining One

Shops:
D:6 *   D:7 [

Annotations:
D:4 2 transporters

.........[...............).....#.
#.#..##.##................#.#..##
#.#..##.#######...#.###...#.#<.##
#.......# #.###..........<..).
###..#.## #.# #.########.#####
#......# #.###.# #.# ## #.#....#
##...## #[# #. #......# ##.##
#.####. #.#...##########@#
#.##... #.##.).........y.#
#.)..## ..##.............#
####... #.....###........# ###.
####.##......#...# ##### #.
#.##>#..###...#######[..# ##
#.##.#..####............#####
#.............#######.......#
#......##.###.# #..####.#


You could see a hornet.


Message History

You block the orc's attack. The hornet barely misses you.
The orc closely misses you. You block the hornet's attack. 😮 HP[+1]
The howler monkey hoots and howls with incredible vigour!
The hornet stings you but does no damage.
You block the hornet's attack. x2
You hear a shout! 😮 HP[+2] MP[+1]
You regained 2 hp, and now have 63/88 hp.
You block the hornet's attack. x2
The orc wizard gestures at itself while chanting.
The orc wizard flickers and vanishes!
The orc priest invokes the aid of Beogh against you.
Beogh smites you! 😮 HP[-12]
You take 12 damage, and now have 51/88 hp.
You feel yourself speed up.
You block the hornet's attack. x2 😮 HP[+2]
You regained 2 hp, and now have 53/88 hp.
You block the orc's attack.
The hornet stings you but does no damage. x2 😮 HP[+1]
A howler monkey zombie comes into view.
You block the human's attack. 😮 HP[+1]
The howler monkey hoots and howls with incredible vigour!
The hornet stings you but does no damage.
You hear an angry hiss. 😮 HP[+2]
You regained 2 hp, and now have 57/88 hp. 😮 HP[+1]
You block the hornet's attack.
The orc barely misses you. 😮 HP[+1] MP[+1]
Your mp is fully restored (12).
The kobold brigand throws a curare-tipped dart.
You block the curare-tipped dart. 😮 HP[+1]
The hornet stings you but does no damage. 😮 HP[+2]
You regained 2 hp, and now have 62/88 hp. 😮 HP[+1]
You block the hornet's attack. The hornet stings you!
You feel yourself slow down. 😮 HP[-11]
You take 11 damage, and now have 52/88 hp.
You feel like a meek peon again.
The hornet stings you but does no damage.
You block the hornet's attack. 😮 HP[+2]
You regained 2 hp, and now have 54/88 hp.
You block the hornet's attack. The hornet stings you!
You feel as though you will be slow longer.
The hornet stings you!
* * * LOW HITPOINT WARNING * * *
You are poisoned.
You feel as though you will be slow longer.
You block the hornet's attack. 😨 HP[-19]
You take 19 damage, and now have 35/88 hp.
MASSIVE DAMAGE!! (PAUSE)
You feel very sick. The hornet stings you.
* * * LOW HITPOINT WARNING * * *
You feel as though you will be slow longer.
The hornet stings you.
* * * LOW HITPOINT WARNING * * *
You feel as though you will be slow longer. 😨 HP[-10]
You take 10 damage, and now have 25/88 hp.
You feel sick. The hornet stings you.
* * * LOW HITPOINT WARNING * * *
You feel as though you will be slow longer.
The hornet stings you.
* * * LOW HITPOINT WARNING * * *
You feel as though you will be slow longer. 😱 HP[-11]
You take 11 damage, and now have 14/88 hp.
You feel sick. The hornet barely misses you. The hornet stings you.
* * * LOW HITPOINT WARNING * * *
You are more poisoned.
You feel as though you will be slow longer.
There is a stone staircase leading up here. 😱 HP[-1]
You take 1 damage, and now have 13/88 hp.
You feel very sick. The hornet closely misses you. You furiously retaliate!
You headbutt the hornet!
You kill the hornet!
Okawaru accepts your kill. You block the hornet's attack.
The hornet stings you.
* * * LOW HITPOINT WARNING * * *
You are lethally poisoned!
You feel as though you will be slow longer.
The orc hits you with a +0 whip.
* * * LOW HITPOINT WARNING * * *
You block the hornet's attack.
You climb upwards.
Reactivating autopickup.
You die...

Skill      XL: |  1  2  3  4  5  6  7  8  9 10 |
---------------+-------------------------------+-----
Armour         | 4 5 6 7 8 10 | 10.8
Axes           | 3 4 5 6 8 9 10 | 10.5
Shields        | 4 5 6 7 8 |  8.1
Fighting       | 4 5 6 7 8 |  8.3
Invocations    | 1 3 4 |  4.9
Dodging        | 1 |  1.8

Action                   |  1- 3 |  4- 6 |  7- 9 | 10-12 || total
-------------------------+-------+-------+-------+-------++-------
Melee: War axe           |    67 |   133 |   222 |       ||   422
       Headbutt          |     7 |    14 |    47 |     8 ||    76
       Broad axe         |       |       |     9 |    33 ||    42
Invok: Heroism           |       |       |     4 |     1 ||     5
       Finesse           |       |       |     1 |       ||     1
  Use: Scroll            |       |     4 |     7 |     1 ||    12
       Potion            |       |       |     3 |       ||     3
Armor: Scale mail        |    21 |    71 |    75 |       ||   167
       Chain mail        |       |       |     6 |    27 ||    33
Dodge: Dodged            |    18 |    43 |    71 |    17 ||   149
Block: Kite shield       |    43 |    96 |   113 |    42 ||   294

Levels and vault maps discovered:
D:1:      dpeg_arrival_stonehenge_8_columns, layout_rooms, serial_rivers,
          chequers_serial_rivers_small_b, chequers_serial_rivers_room_a,
          chequers_serial_rivers_small_3, chequers_serial_rivers_room_a,
          chequers_serial_rivers_small_3, chequers_serial_rivers_small_a,
          chequers_serial_rivers_large_a, minmay_3d_cube
D:2:      layout_basic, basic_ecumenical_altar
D:3:      layout_basic, grunt_temple_overflow_open, ebering_ghost_rock_garden,
          uniq_robin
D:4:      layout_loops_cross, gammafunk_temple_overflow_arena,
          minmay_temple_entry_junction
D:5:      layout_rooms
D:6:      layout_cave_pods, serial_shops, shop, nicolae_benzene_ring
D:7:      layout_basic, old_standard_altar, serial_shops, shop
D:8:      layout_loops_cross, amethyst_killhole
D:9:      layout_cave_pools, nicolae_uskayaw_dance_studio, lair_entry_dummy,
          erik_orc_4, gammafunk_ghost_endoplasm
Temple:   regret_index_temple_waves

Notes
Turn   | Place    | Note
-------+----------+-------------------------------------------
     0 | D:1      | wakim the Minotaur Fighter began the quest for the Orb.
     0 | D:1      | Reached XP level 1. HP: 19/19 MP: 0/0
     0 | D:1      | magus.rc [v1.9.6]
    35 | D:1      | You pick up a book of Cantrips and begin reading...
    35 | D:1      | You add the spells Corona, Animate Skeleton, Summon Small
                  | Mammal and Apportation to your library.
    77 | D:1      | Reached XP level 2. HP: 19/27 MP: 1/1
   193 | D:1      | Reached skill level 4 in Armour
   227 | D:1      | Reached skill level 3 in Axes
   517 | D:1      | Reached XP level 3. HP: 32/33 MP: 2/2
   816 | D:2      | Reached skill level 4 in Shields
  1289 | D:2      | Reached skill level 4 in Fighting
  1299 | D:2      | Noticed a scorpion
  1302 | D:2      | Killed a scorpion
  1303 | D:2      | Reached XP level 4. HP: 40/40 MP: 3/3
  1304 | D:2      | Found a faded altar of an unknown god.
  1307 | D:2      | Became a worshipper of Warmaster Okawaru
  1307 | D:2      | Reached * piety under Okawaru
  1455 | D:2      | Reached skill level 4 in Axes
  1749 | D:3      | Reached XP level 5. HP: 38/47 MP: 4/4
  1750 | D:3      | Reached skill level 5 in Armour
  1818 | D:3      | Identified a +0 robe of the Archmagi
  2195 | D:3      | Noticed Robin
  2209 | D:3      | HP: 7/47 [Robin/+2 short sword of flaming (7)]
  2210 | D:3      | Killed Robin
  2491 | D:3      | Noticed stringoo's ghost (amateur OpWn)
  2497 | D:3      | Found a runed translucent gate.
  2497 | D:3      | Found a runed translucent gate.
  2497 | D:3      | Found a runed translucent gate.
  2578 | D:3      | Found a bloodstained altar of Trog.
  2580 | D:3      | Found a blossoming altar of Fedhas.
  3010 | D:3      | Killed stringoo's ghost
  3011 | D:3      | Reached XP level 6. HP: 19/53 MP: 5/5
  3423 | D:4      | Reached skill level 5 in Axes
  3458 | D:4      | Reached ** piety under Okawaru
  3497 | D:4      | Found a staircase to the Ecumenical Temple.
  3658 | D:4      | Reached skill level 5 in Fighting
  3658 | D:4      | Reached skill level 6 in Armour
  3663 | D:4      | Reached skill level 5 in Shields
  3673 | D:4      | Reached XP level 7. HP: 27/61 MP: 6/6
  4163 | D:4      | Found a radiant altar of Vehumet.
  4163 | D:4      | Found an ancient bone altar of Kikubaaqudgha.
  4163 | D:4      | Found a hazy altar of Hepliaklqana.
  4165 | D:4      | Noticed a cyclops
  4167 | D:4      | Found a transporter.
  4219 | D:4      | Found a transporter.
  4460 | D:5      | Entered Level 5 of the Dungeon
  4482 | D:4      | Reached skill level 6 in Axes
  4754 | D:5      | Reached skill level 1 in Invocations
  4863 | D:5      | HP: 13/61 [wyvern zombie (6)]
  4865 | D:5      | Reached skill level 7 in Armour
  5216 | D:5      | Identified the +5 dagger "Foulon" {drain, Dex+4 Stlth+}
  5452 | D:6      | Reached XP level 8. HP: 48/70 MP: 8/8
  5530 | D:6      | Found Leakhopnihi's Assorted Antiques.
  5552 | D:6      | You pick up a book of Necromancy and begin reading...
  5552 | D:6      | You add the spells Pain, Vampiric Draining, Animate Dead
                  | and Agony to your library.
  5736 | D:6      | Reached skill level 7 in Axes
  5770 | D:6      | Reached skill level 6 in Fighting
  5775 | D:6      | Reached skill level 2 in Invocations
  5778 | D:6      | Reached *** piety under Okawaru
  5779 | D:6      | Reached skill level 6 in Shields
  5805 | D:6      | Identified the +11 war axe of Lutioviw {flame, +Inv Int-5
                  | Dex+2}
  5929 | D:6      | Noticed a hornet
  5938 | D:6      | Reached skill level 8 in Armour
  5938 | D:6      | Killed a hornet
  6345 | D:7      | You pick up a book of Cantrips and begin reading...
  6439 | D:7      | Reached skill level 8 in Axes
  6487 | D:7      | Reached **** piety under Okawaru
  6488 | D:7      | Reached skill level 3 in Invocations
  6625 | D:7      | Reached XP level 9. HP: 78/78 MP: 10/10
  6733 | D:7      | Reached skill level 9 in Armour
  6754 | D:7      | Found a stormy altar of Qazlal.
  6779 | D:7      | Found Hauxiyck's Antique Armour Emporium.
  6881 | D:7      | Reached skill level 7 in Fighting
  7041 | Temple   | Entered the Ecumenical Temple
  7251 | D:7      | Reached skill level 7 in Shields
  7605 | D:8      | Noticed a two-headed ogre
  7615 | D:8      | Killed a two-headed ogre
  7615 | D:8      | Reached ***** piety under Okawaru
  7616 | D:8      | Reached skill level 9 in Axes
  7616 | D:8      | Reached skill level 4 in Invocations
  7652 | D:8      | Noticed a boulder beetle
  7725 | D:8      | Identified a scroll of acquirement
  7725 | D:8      | Acquired the +8 mithril axe "Arga" {speed, Will+}
  7726 | D:8      | Found the +8 mithril axe "Arga" {speed, Will+}
  7770 | D:8      | Reached skill level 10 in Armour
  7778 | D:8      | Killed a boulder beetle
  7779 | D:8      | Reached XP level 10. HP: 27/88 MP: 4/12
  8097 | D:8      | Noticed a two-headed ogre
  8108 | D:8      | Killed a two-headed ogre
  8108 | D:8      | Identified the -5 pair of boots of the Enchanted Forest
                  | {*Drain rF+ SInv} (Okawaru gifted it to you on level 8 of
                  | the Dungeon)
  8108 | D:8      | Received a gift from Okawaru
  8109 | D:8      | Reached skill level 8 in Fighting
  8109 | D:8      | Reached skill level 10 in Axes
  8109 | D:8      | Reached skill level 1 in Dodging
  8135 | D:8      | Reached skill level 8 in Shields
  8356 | D:8      | Acquired 1144 gold pieces
  8425 | D:9      | Paralysed by a hornet for 2 turns
  8446 | D:9      | HP: 20/88 [hornet (5)]
  8448 | D:9      | HP: 8/88 [hornet (2)]
  8449 | D:8      | Succumbed to a hornet's poison

Vanquished Creatures
  A boulder beetle (D:8)
  2 two-headed ogres (D:8)
  A hornet (D:9)
  2 wyverns
  3 yaks (D:8)
  A water moccasin (D:6)
  A hornet zombie (D:9)
  A sky beast (D:7)
  A black bear (D:4)
  2 necrophages
  An ogre (D:6)
  4 centaurs
  The ghost of stringoo the Twirler, an amateur OpWn (D:3)
  2 kobold brigands
  2 bullfrogs (D:7)
  3 wyvern zombies
  2 scorpions
  5 wights (D:4)
  9 howler monkeys
  4 centaur zombies
  2 bullfrog zombies
  2 gnoll shamans
  A hound (D:4)
  2 orc priests
  4 iguanas
  2 orc wizards (D:7)
  2 howler monkey zombies
  Robin (D:3)
  10 gnolls
  5 adders
  An ufetubus (D:6)
  A worm (D:4)
  6 dart slugs
  12 orcs
  5 endoplasms
  4 giant cockroaches
  7 hobgoblins
  4 jackals (D:1)
  2 quokkas
  8 ball pythons
  6 bats
  4 frilled lizards
  13 goblins
  13 kobolds
  5 rats
170 creatures vanquished.

Vanquished Creatures (collateral kills)
  A hornet (D:6)
  An iguana (D:6)
  A kobold (D:6)
3 creatures vanquished.

Grand Total: 173 creatures vanquished

Table legend:
 A = Non-vault XP
 B = Vault XP
 C = Vault XP percentage of total XP
 D = Non-vault monster count
 E = Vault monster count
 F = Vault count percentage of total count
                 A         B        C        D         E       F
            +---------+---------+-------+---------+---------+-------
      Total |    8260 |     147 |   1.7 |     157 |      16 |   9.2
            +---------+---------+-------+---------+---------+-------
        D:1 |      36 |       5 |  12.2 |      20 |       2 |   9.1
        D:2 |     114 |       0 |   0.0 |      13 |       0 |   0.0
        D:3 |     106 |     136 |  56.2 |      22 |      12 |  35.3
        D:4 |     596 |       0 |   0.0 |      16 |       0 |   0.0
        D:5 |     432 |       0 |   0.0 |      18 |       0 |   0.0
        D:6 |     835 |       0 |   0.0 |      17 |       0 |   0.0
        D:7 |    1509 |       0 |   0.0 |      29 |       0 |   0.0
        D:8 |    3963 |       0 |   0.0 |      15 |       0 |   0.0
        D:9 |     669 |       6 |   0.9 |       7 |       2 |  22.2
            +---------+---------+-------+---------+---------+-------

Illustrated notes

Table legend:
 A = Kills in this place as a percentage of kills in entire the game.
 B = Kills by you in this place as a percentage of kills by you in the entire game.
 C = Kills by friends in this place as a percentage of kills by friends in the entire game.
 D = Other kills in this place as a percentage of other kills in the entire game.
 E = Experience gained in this place as a percentage of experience gained in the entire game.
 F = Experience gained in this place divided by the number of levels of this place that you have seen.
                   A       B       C       D       E      F
               +-------+-------+-------+-------+-------+----------------------
         Total | 100.0 | 100.0 | 100.0 |   N/A | 100.0 | 840.7
       Dungeon | 100.0 | 100.0 | 100.0 |   N/A | 100.0 | 934.1
               +-------+-------+-------+-------+-------+----------------------

Table legend: (Time is in decaauts)
 A = Elapsed time spent in this place.
 B = Non-inter-level travel time spent in this place.
 C = Inter-level travel time spent in this place.
 D = Time resting spent in this place.
 E = Time spent auto-exploring this place.
 F = Levels seen in this place.
 G = Mean time per level.
                   A        B        C        D        E       F      G
               +--------+--------+--------+--------+--------+-----+--------+
         Total |   8636 |   8233 |    403 |    782 |   6146 |  10 |  863.6 |
       Dungeon |   8499 |   8113 |    386 |    782 |   6030 |   9 |  944.3 |
        Temple |    136 |    119 |     17 |      0 |    115 |   1 |  136.0 |
               +--------+--------+--------+--------+--------+-----+--------+

Top non-repeatable levels by time:
     D:3: 1818 daAuts
     D:4: 1266 daAuts
     D:7: 1031 daAuts
     D:6: 946 daAuts
     D:2: 930 daAuts
     D:5: 920 daAuts
     D:1: 765 daAuts
     D:8: 725 daAuts
  Temple: 136 daAuts
     D:9: 93 daAuts
